 Dungeon Crawl Stone Soup version 0.22.1-2-g9c5b331 (webtiles) character file.

211632 xelsha the Blocker (level 18, -6/144 HPs)
             Began as a Gnoll Fighter on Dec 30, 2018.
             Was a High Priest of Sif Muna.
             Shot with an arrow by a satyr (25 damage)
             ... on level 4 of the Shoals.
             The game lasted 03:35:05 (48310 turns).

xelsha the Blocker (Gnoll Fighter)                 Turns: 48310, Time: 03:35:06

Health: -6/144     AC: 19    Str: 26    XL:     18   Next: 89%
Magic:  34/34      EV: 20    Int: 18    God:    Sif Muna [*****.]
Gold:   2927       SH: 14    Dex: 15    Spells: 5/41 levels left

rFire    . . .     SeeInvis .   M - +0 flail of Psychosis {venom, MR+}
rCold    . . .     Gourm    .   c - +0 shield
rNeg     . . .     Faith    .   W - +4 troll leather armour
rPois    +         Spirit   .   i - +0 helmet
rElec    .         Reflect  .   x - +2 cloak
rCorr    .         Harm     .   S - +1 pair of gloves
MR       +++..                  b - +0 pair of boots of Inquiry {MR+ Str+5}
Stlth    +++++.....             t - amulet of the acrobat
HPRegen  0.74/turn              o - ring of poison resistance
MPRegen  0.24/turn              n - ring of wizardry

@: about to teleport, very slightly contaminated
A: distributed training, fangs 1, talons 1, strong 1, sturdy frame 1, strong
nose
}: 1/15 runes: serpentine
a: Divine Energy, Channel Magic, Forget Spell, Renounce Religion


You were on level 4 of the Shoals.
You worshipped Sif Muna.
Sif Muna was extremely pleased with you.
You were not hungry.

You visited 5 branches of the dungeon, and saw 31 of its levels.

You collected 3171 gold pieces.
You spent 244 gold pieces at shops.

Inventory:

Hand Weapons
 a - a +1 trident
 h - a +1 hand crossbow of freezing
 q - a +0 short sword of holy wrath
 s - the +9 hunting sling "Kulifa" {velocity, +Fly Int+3}
   (You took it off a tengu warrior on level 7 of the Dungeon)

   Any stone fired from it inflicts extra damage.
   It affects your intelligence (+3).
   It lets you fly.
 C - a +0 blowgun
 F - the +0 morningstar of Qufril {flame, rElec rC+}
   (You found it on level 8 of the Dungeon)

   It has been specially enchanted to burn those struck by it, causing extra
   injury to most foes and up to half again as much damage against particularly
   susceptible opponents.
   It protects you from cold.
   It insulates you from electricity.
 M - the +0 flail of Psychosis (weapon) {venom, MR+}
   (You took it off a centaur on level 9 of the Dungeon)

   It poisons the flesh of those it strikes.
   It affects your resistance to hostile enchantments.
Missiles
 D - 101 poisoned needles
 E - 745 stones (quivered)
 N - 167 sling bullets
Armour
 b - the +0 pair of boots of Inquiry (worn) {MR+ Str+5}
   (You found it on level 3 of the Lair of Beasts)

   It affects your strength (+5).
   It affects your resistance to hostile enchantments.
 c - a +0 shield (worn)
 i - a +0 helmet (worn)
 x - a +2 cloak (worn)
 S - a +1 pair of gloves (worn)
 W - a +4 troll leather armour (worn)
Jewellery
 n - a ring of wizardry (right hand)
 o - a ring of poison resistance (left hand)
 t - an amulet of the acrobat (around neck)
 v - a cursed -3 ring of protection {unknown}
 H - an uncursed ring of resist corrosion
 Q - the ring "Ylacel" {*Slow MR+ Str+5 Dex+8 Stlth+}
   (You found it on level 4 of the Shoals)

   [ring of strength]

   It affects your strength (+5).
   It affects your dexterity (+8).
   It affects your resistance to hostile enchantments.
   It may slow you when you take damage.
   It makes you more stealthy.
Wands
 l - a wand of paralysis (28)
 B - a wand of digging (10)
 G - a wand of disintegration (40)
 U - a wand of enslavement (40)
 X - a wand of iceblast (30)
Scrolls
 g - 5 scrolls of teleportation
 p - 2 scrolls of amnesia
 u - 3 scrolls of fog
 w - 17 scrolls of identify
 y - 11 scrolls of remove curse
 A - 2 scrolls of magic mapping
 I - 6 scrolls of enchant weapon
 L - 3 scrolls of fear
 R - a scroll of blinking
 T - 2 scrolls of holy word
Potions
 d - 5 potions of might
 e - 6 potions of haste
 j - 6 potions of cancellation
 k - 2 potions of agility
 m - 3 potions of invisibility
 r - a potion of resistance
 z - 3 potions of magic
 O - 3 potions of berserk rage
Miscellaneous
 J - a fan of gales
Comestibles
 f - 22 rations


   Skills:
 + Level 13.6 Fighting
 + Level 12.2 Short Blades
 + Level 12.2 Long Blades
 + Level 12.2 Axes
 + Level 12.2 Maces & Flails
 + Level 13.0 Polearms
 + Level 12.2 Staves
 + Level 12.2 Slings
 + Level 12.2 Bows
 + Level 12.2 Crossbows
 + Level 12.2 Throwing
 + Level 13.6 Armour
 + Level 12.2 Dodging
 + Level 12.2 Stealth
 + Level 13.6 Shields
 + Level 12.2 Unarmed Combat
 + Level 12.2 Spellcasting
 + Level 10.5 Conjurations
 + Level 10.5 Hexes
 + Level 10.5 Charms
 + Level 10.5 Summonings
 + Level 10.5 Necromancy
 + Level 10.5 Translocations
 + Level 10.5 Transmutations
 + Level 10.5 Fire Magic
 + Level 10.5 Ice Magic
 + Level 10.5 Air Magic
 + Level 10.5 Earth Magic
 + Level 10.5 Poison Magic
 + Level 13.2 Invocations
 + Level 12.2 Evocations


You had 5 spell levels left.
You knew the following spells:

 Your Spells              Type           Power        Failure   Level  Hunger
a - Blink                 Tloc           N/A          1%          2    None
b - Mephitic Cloud        Conj/Pois/Air  #####...     1%          3    None
c - Summon Lightning Spi  Summ/Air       #####...     1%          4    ##.....
d - Sticky Flame          Conj/Fire      #####...     1%          4    ##.....
e - Summon Mana Viper     Hex/Summ       #####...     1%          5    ####...
f - Statue Form           Tmut/Erth      #####....    6%          6    ######.
g - Shadow Creatures      Summ           N/A          6%          6    ######.
h - Borgnjor's Vile Clut  Necr/Erth      #####.....   1%          5    ####...
i - Apportation           Tloc           #####.       1%          1    None

Your spell library contained the following spells:

 Spells                   Type           Power        Failure   Level  Hunger
 Beastly Appendage        Tmut           #####.       1%          1    None
 Corona                   Hex            #####..      1%          1    None
 Flame Tongue             Conj/Fire      #####        1%          1    None
 Magic Dart               Conj           ####         1%          1    None
 Summon Small Mammal      Summ           ####         1%          1    None
 Call Imp                 Summ           #####...     1%          2    None
 Poisonous Vapours        Pois/Air       #####.       1%          2    None
 Searing Ray              Conj           #####.       1%          2    None
 Slow                     Hex            #####...     1%          2    None
 Sticks to Snakes         Tmut           #####...     1%          2    None
 Sublimation of Blood     Necr           #####.....   1%          2    None
 Throw Flame              Conj/Fire      #####.       1%          2    None
 Conjure Flame            Conj/Fire      #####...     1%          3    None
 Dazzling Spray           Conj/Hex       #####.       1%          3    None
 Inner Flame              Hex/Fire       #####...     1%          3    None
 Portal Projectile        Hex/Tloc       #####.       1%          3    None
 Recall                   Summ/Tloc      N/A          1%          3    None
 Spectral Weapon          Hex/Chrm       #####...     1%          3    None
 Spider Form              Tmut/Pois      #####.....   1%          3    None
 Summon Guardian Golem    Hex/Summ       #####...     1%          3    None
 Animate Dead             Necr           N/A          1%          4    ##.....
 Cause Fear               Hex            #####.....   1%          4    ##.....
 Force Lance              Conj/Tloc      #####...     1%          4    ##.....
 Fulminant Prism          Conj/Hex       #####.....   1%          4    ##.....
 Ice Form                 Ice/Tmut       #####...     1%          4    ##.....
 Iskenderun's Mystic Bla  Conj           #####...     1%          4    ##.....
 Leda's Liquefaction      Hex/Erth       #####.....   1%          4    ##.....
 Alistair's Intoxication  Tmut/Pois      #####...     1%          5    ####...
 Aura of Abjuration       Summ           #####.....   1%          5    ####...
 Blade Hands              Tmut           #####.....   1%          5    ####...
 Bolt of Draining         Conj/Necr      #####.....   1%          5    ####...
 Bolt of Magma            Conj/Fire/Erth #####.....   1%          5    ####...
 Dispel Undead            Necr           #####...     1%          5    ####...
 Fireball                 Conj/Fire      #####.....   1%          5    ####...
 Iskenderun's Battlesphe  Conj/Chrm      #####...     1%          5    ####...
 Metabolic Englaciation   Hex/Ice        #####.....   1%          5    ####...
 Silence                  Hex/Air        #####.....   1%          5    ####...
 Summon Demon             Summ           #####.....   1%          5    ####...
 Summon Forest            Summ/Tloc      #####.....   1%          5    ####...
 Venom Bolt               Conj/Pois      #####.....   1%          5    ####...
 Bolt of Cold             Conj/Ice       #####.....   6%          6    ######.
 Death Channel            Necr           #####.....   6%          6    ######.
 Freezing Cloud           Conj/Ice/Air   #####.....   6%          6    ######.
 Iron Shot                Conj/Erth      #####.....   6%          6    ######.
 Ozocubu's Refrigeration  Ice            #####.....   6%          6    ######.
 Simulacrum               Ice/Necr       #####.....   6%          6    ######.
 Haunt                    Necr/Summ      #####.....   32%         7    #######
 Malign Gateway           Summ/Tloc      #####.....   32%         7    #######
 Orb of Destruction       Conj           #####.....   32%         7    #######
 Ring of Flames           Chrm/Fire      #####.....   32%         7    #######
 Spellforged Servitor     Conj/Summ      #####.....   32%         7    #######
 Infestation              Necr           #####.....   92%         8    #######
 Necromutation            Tmut/Necr      #####.....   92%         8    #######
 Summon Horrible Things   Summ           #####.....   92%         8    #######
 Fire Storm               Conj/Fire      #####.....   100%        9    #######
 Shatter                  Erth           #####.....   100%        9    #######


Dungeon Overview and Level Annotations

Branches:
Dungeon (15/15)            Temple (0/1) D:6            Lair (6/6) D:11
 Shoals (4/4) Lair:2        Snake (4/4) Lair:2        Slime (0/5) Lair:6
    Orc (2/2) D:11            Elf (0/3) Orc:2        Vaults (0/5) D:14
 Depths (0/5) D:15

Altars:
Ashenzari
Cheibriados
Fedhas
Nemelex Xobeh
Ru
Sif Muna
Trog
Zin
Beogh

Shops:
D:6 **   Orc:1 (   Orc:2 %(}[   Shoals:1 *   Snake:1 *%

Annotations:
Lair:2 exclusion: oklob plant
Shoals:3 HoaS's ghost, adept GrBe
Shoals:4 exclusion: Roxanne, Roxanne


Innate Abilities, Weirdness & Mutations

Your experience applies equally to all skills.
You have very sharp teeth.
Your uncanny sense of smell can sniff out nearby items.
You have sharp toenails.
Your muscles are strong. (Str +2)
Your movements are slightly less encumbered by armour. (ER -2)


Message History

You kill the merfolk javelineer!
Sif Muna accepts your kill.
The satyr shoots a sling bullet.
The sling bullet completely misses you.
You see here a sling bullet.
The satyr shoots a sling bullet.
The sling bullet completely misses you.
Blink to where?
Press: ? - help, Dir - move target cursor You are very lightly contaminated with residual magic.
As you read the scroll of blinking, it crumbles to dust.
A merfolk comes into view. It is wielding a trident.
A faun comes into view. It is wielding a club.
The satyr plays a frightful melody on his pipes!
The satyr radiates an aura of fear!
You resist with almost no effort.
The faun unwields an uncursed club.
The faun wields a hunting sling.
The faun shoots a sling bullet.
The sling bullet misses you.
As you read the scroll of teleportation, it crumbles to dust.
You feel strangely unstable.
The satyr unwields an uncursed spear.
The satyr wields an uncursed longbow.
The satyr shoots an arrow.
The arrow hits you!!
You die...

....P.P.)......≈≈≈
......†.<......≈≈≈
.....≈..(≈.....≈≈≈ .
##..≈≈≈≈≈.....≈≈≈≈ ..
#...≈≈......≈≈≈≈≈ ..c
#P....(((.≈≈≈≈≈.≈ ≈...
PPP........≈≈≈.... ≈≈..S
.PP.......≈≈≈..###......
..c........≈....@.......
#.........≈≈≈.....m.....
......%..≈≈≈...........
P........≈≈≈...........
.........≈≈≈≈≈.........
≈≈≈m.....PPP..≈........
≈PPP..##........


≈PPP.P ..c............... ... ..8........≈. You could see a satyr, a sea snake,
a merfolk (wandering) and a faun.

Vanquished Creatures
  A kraken (Shoals:2)
  Kirke (Shoals:3)
  7 nagarajas
  A fire giant (D:14)
  An orc warlord (D:11)
  A stone giant (D:11)
  A dire elephant (D:15)
  4 merfolk javelineers
  3 merfolk impalers
  A great orb of eyes (D:15)
  An ettin (Orc:2)
  Harold (D:9)
  10 naga warriors
  7 anacondas
  Fannar (Lair:2)
  An alligator snapping turtle (Shoals:3)
  10 hydras
  5 merfolk avatars
  2 centaur warriors
  A satyr (Shoals:2)
  4 ogre magi
  2 tengu warriors
  20 two-headed ogres
  An orc high priest (Orc:2)
  5 naga sharpshooters
  3 shock serpents
  2 salamander mystics
  A fire crab (Lair:6)
  2 unseen horrors
  13 sea snakes
  6 skeletal warriors
  2 deep trolls
  3 naga ritualists
  Pikel (D:4)
  A necromancer (D:14)
  A lindwurm (Lair:4)
  24 harpies
  3 orc sorcerers (Orc:1)
  10 cyclopes
  A wolf spider (D:14)
  A mana viper (Snake:1)
  17 ugly things
  14 fauns
  8 elephants
  10 manticores
  10 salamanders
  5 water nymphs
  11 naga magi
  2 guardian serpents
  7 merfolk sirens
  28 black mambas
  An eye of devastation (Lair:6)
  2 torpor snails (Lair:6)
  11 spiny frogs
  A kobold demonologist (D:12)
  An efreet (D:13)
  4 centaur skeletons
  2 rime drakes
  6 komodo dragons
  3 tengu conjurers
  A wind drake (shapeshifter) (D:15)
  12 trolls
  7 hornets
  5 polar bears
  18 merfolk
  6 wind drakes
  A harpy skeleton (D:9)
  Grinder (D:6)
  10 dream sheep
  4 slime creatures (D:15)
  9 snapping turtles
  10 hippogriffs
  9 blink frogs
  A centaur simulacrum (D:15)
  6 water elementals
  14 spriggans (Lair:6)
  A fire elemental (Lair:2)
  5 wyverns
  3 fire bats
  21 yaks
  A shadow (D:14)
  4 hogs
  5 hungry ghosts
  3 basilisks
  12 vampire mosquitoes
  3 wargs
  28 nagas
  2 acid dragons
  A soldier ant (D:14)
  7 porcupines
  10 water moccasins
  16 orc warriors
  7 sky beasts
  6 ice beasts
  A swamp drake (D:11)
  30 ogres
  A black bear (shapeshifter) (D:14)
  7 black bears
  2 phantoms
  5 eyes of draining
  32 wolves
  4 boggarts (Lair:6)
  17 centaurs
  6 big kobolds
  7 crocodiles
  23 bullfrogs
  7 scorpions
  25 killer bees
  An electric eel (Lair:2)
  16 wights
  A vampire bat (Lair:6)
  4 howler monkeys
  2 centaur zombies
  2 bullfrog zombies
  8 crimson imps
  5 hounds
  2 jellies
  24 orc wizards
  3 bullfrog skeletons
  23 orc priests
  Terence (D:2)
  4 iguanas
  21 worker ants
  7 hell rats
  A killer bee zombie (D:5)
  2 hound skeletons
  4 gnolls (D:8)
  A worker ant zombie (D:6)
  15 river rats
  19 adders
  4 shadow imps
  An ooze (D:1)
  An adder skeleton (D:6)
  3 adder zombies
  2 worms
  A dart slug (D:2)
  4 leopard geckos
  66 orcs
  2 ball pythons
  8 giant cockroaches
  5 goblins
  7 hobgoblins
  9 jackals
  4 quokkas
  13 bats
  6 frilled lizards
  26 kobolds
  2 leopard gecko zombies
  A quokka zombie (D:6)
  7 rats
  A fungus (D:11)
  2 tentacles (Shoals:2)
1066 creatures vanquished.

Vanquished Creatures (collateral kills)
  4 nagarajas (Snake:4)
  Louise (Shoals:4)
  4 naga warriors
  2 anacondas (Snake:3)
  2 naga sharpshooters (Snake:4)
  A salamander mystic (Snake:3)
  7 skeletal warriors
  An unseen horror (D:12)
  2 naga ritualists
  2 harpies (Shoals:4)
  7 ugly things
  2 salamanders
  7 black mambas
  A guardian serpent (Snake:3)
  4 naga magi
  A merfolk (Shoals:4)
  A troll (D:13)
  2 wind drakes (Shoals:4)
  17 nagas
68 creatures vanquished.

Vanquished Creatures (others)
  A nagaraja (Snake:4)
  A harpy (Shoals:4)
  A black mamba (Lair:2)
  2 orc wizards
  An orc (D:5)
  19 fungi
  21 plants
  14 tentacles
60 creatures vanquished.

Grand Total: 1194 creatures vanquished

Notes
Turn   | Place    | Note
-------+----------+-------------------------------------------
     0 | D:1      | xelsha the Gnoll Fighter began the quest for the Orb.
     0 | D:1      | Reached XP level 1. HP: 23/23 MP: 1/1
   248 | D:1      | Reached XP level 2. HP: 29/29 MP: 2/2
   580 | D:1      | Reached XP level 3. HP: 35/35 MP: 3/3
   940 | D:2      | Reached skill level 1 in Invocations
  1005 | D:2      | Noticed Terence
  1020 | D:2      | Killed Terence
  1020 | D:2      | Reached skill level 1 in Short Blades
  1020 | D:2      | Reached skill level 1 in Long Blades
  1020 | D:2      | Reached skill level 1 in Axes
  1020 | D:2      | Reached skill level 1 in Maces & Flails
  1020 | D:2      | Reached skill level 1 in Staves
  1020 | D:2      | Reached skill level 1 in Slings
  1020 | D:2      | Reached skill level 1 in Bows
  1020 | D:2      | Reached skill level 1 in Crossbows
  1020 | D:2      | Reached skill level 1 in Throwing
  1020 | D:2      | Reached skill level 1 in Dodging
  1020 | D:2      | Reached skill level 1 in Stealth
  1020 | D:2      | Reached skill level 1 in Unarmed Combat
  1020 | D:2      | Reached skill level 1 in Spellcasting
  1020 | D:2      | Reached skill level 1 in Evocations
  1020 | D:2      | Reached XP level 4. HP: 41/41 MP: 5/5
  1574 | D:3      | Reached skill level 1 in Conjurations
  1574 | D:3      | Reached skill level 1 in Hexes
  1574 | D:3      | Reached skill level 1 in Charms
  1574 | D:3      | Reached skill level 1 in Summonings
  1574 | D:3      | Reached skill level 1 in Necromancy
  1574 | D:3      | Reached skill level 1 in Translocations
  1574 | D:3      | Reached skill level 1 in Transmutations
  1574 | D:3      | Reached skill level 1 in Fire Magic
  1574 | D:3      | Reached skill level 1 in Ice Magic
  1574 | D:3      | Reached skill level 1 in Air Magic
  1574 | D:3      | Reached skill level 1 in Earth Magic
  1574 | D:3      | Reached skill level 1 in Poison Magic
  1887 | D:3      | Reached XP level 5. HP: 44/47 MP: 6/6
  2118 | D:3      | Noticed a centaur
  2124 | D:3      | Killed a centaur
  2353 | D:3      | Reached XP level 6. HP: 53/53 MP: 8/8
  2558 | D:4      | Noticed a phantom
  2569 | D:4      | Killed a phantom
  2569 | D:4      | Reached skill level 5 in Polearms
  2582 | D:4      | Found a snail-covered altar of Cheibriados.
  2770 | D:4      | Reached XP level 7. HP: 50/59 MP: 10/10
  3142 | D:4      | Found a deep blue altar of Sif Muna.
  3148 | D:4      | Became a worshipper of Sif Muna the Loreminder
  3181 | D:4      | Found a glowing silver altar of Zin.
  4063 | D:5      | Entered Level 5 of the Dungeon
  4104 | D:5      | Reached XP level 8. HP: 26/67 MP: 12/12
  4433 | D:5      | Found a blossoming altar of Fedhas.
  4745 | D:5      | Noticed Pikel
  4811 | D:4      | Killed Pikel
  5076 | D:5      | Reached XP level 9. HP: 72/72 MP: 14/14
  5601 | D:6      | Reached * piety under Sif Muna
  5847 | D:6      | Found Xuptuane's Assorted Antiques.
  5889 | D:6      | Noticed Grinder
  5905 | D:6      | Killed Grinder
  5966 | D:6      | Found a staircase to the Ecumenical Temple.
  6454 | D:6      | Found Bucepov's Bounteous Boutique.
  6471 | D:6      | Reached skill level 5 in Invocations
  6725 | D:7      | Learned a level 2 spell: Blink
  6825 | D:7      | Reached XP level 10. HP: 38/80 MP: 17/17
  7784 | D:7      | Found a bloodstained altar of Trog.
  8243 | D:7      | Reached skill level 5 in Short Blades
  8243 | D:7      | Reached skill level 5 in Long Blades
  8243 | D:7      | Reached skill level 5 in Axes
  8243 | D:7      | Reached skill level 5 in Maces & Flails
  8243 | D:7      | Reached skill level 5 in Staves
  8243 | D:7      | Reached skill level 5 in Slings
  8243 | D:7      | Reached skill level 5 in Bows
  8243 | D:7      | Reached skill level 5 in Crossbows
  8243 | D:7      | Reached skill level 5 in Throwing
  8243 | D:7      | Reached skill level 5 in Dodging
  8243 | D:7      | Reached skill level 5 in Stealth
  8243 | D:7      | Reached skill level 5 in Unarmed Combat
  8243 | D:7      | Reached skill level 5 in Spellcasting
  8243 | D:7      | Reached skill level 5 in Evocations
  8435 | D:8      | Reached ** piety under Sif Muna
  8587 | D:8      | Paralysed by an orc warrior for 7 turns
  8787 | D:7      | Gained mutation: Your muscles are strong. (Str +2) [potion
                  | of mutation]
  8787 | D:7      | Gained mutation: Your movements are slightly less
                  | encumbered by armour. (ER -2) [potion of mutation]
  8787 | D:7      | Gained mutation: You have sharp toenails. [potion of
                  | mutation]
  8997 | D:8      | Noticed a tengu warrior
  9435 | D:7      | Learned a level 3 spell: Mephitic Cloud
  9503 | D:8      | Found a sparkling altar of Nemelex Xobeh.
  9704 | D:8      | Noticed a cyclops
  9715 | D:8      | Killed a cyclops
 10562 | D:6      | Bought a heavily runed scale mail for 207 gold pieces
 10572 | D:6      | Identified the +2 scale mail of the Merchant {rF++ Str+3
                  | Int-4} (You bought it in a shop on level 6 of the Dungeon)
 10604 | D:6      | Bought a +0 blowgun for 37 gold pieces
 10877 | D:8      | Got an encrusted morningstar
 10878 | D:8      | Identified the +0 morningstar of Qufril {flame, rElec rC+}
                  | (You found it on level 8 of the Dungeon)
 10905 | D:8      | Killed an unseen horror
 10905 | D:8      | Reached XP level 11. HP: 43/87 MP: 19/19
 11137 | D:8      | Got a heavy robe
 11148 | D:8      | Identified the cursed +0 robe of the Several Seas {+Fly
                  | Stlth+} (You took it off an orc wizard on level 8 of the
                  | Dungeon)
 11394 | D:7      | Killed a tengu warrior
 11741 | D:7      | Got a translucent ring mail
 11752 | D:7      | Identified the +2 ring mail of the New World {rCorr Str+4}
                  | (You took it off a tengu warrior on level 7 of the Dungeon)
 11752 | D:7      | Got an uncursed brightly glowing hunting sling {velocity}
 11753 | D:7      | Identified the +9 hunting sling "Kulifa" {velocity, +Fly
                  | Int+3} (You took it off a tengu warrior on level 7 of the
                  | Dungeon)
 11944 | D:7      | Found a bloodstained altar of Trog.
 13133 | D:9      | Reached skill level 5 in Conjurations
 13133 | D:9      | Reached skill level 5 in Hexes
 13133 | D:9      | Reached skill level 5 in Charms
 13133 | D:9      | Reached skill level 5 in Summonings
 13133 | D:9      | Reached skill level 5 in Necromancy
 13133 | D:9      | Reached skill level 5 in Translocations
 13133 | D:9      | Reached skill level 5 in Transmutations
 13133 | D:9      | Reached skill level 5 in Fire Magic
 13133 | D:9      | Reached skill level 5 in Ice Magic
 13133 | D:9      | Reached skill level 5 in Air Magic
 13133 | D:9      | Reached skill level 5 in Earth Magic
 13133 | D:9      | Reached skill level 5 in Poison Magic
 13243 | D:9      | Noticed Harold
 13251 | D:9      | Killed Harold
 13255 | D:9      | Got a pitted flail {venom}
 13504 | D:9      | Reached *** piety under Sif Muna
 13724 | D:10     | Entered Level 10 of the Dungeon
 14795 | D:11     | Noticed a cyclops
 14805 | D:11     | Killed a cyclops
 14888 | D:11     | Identified the cursed +0 flail of Psychosis {venom, MR+}
                  | (You took it off a centaur on level 9 of the Dungeon)
 14892 | D:11     | Found a staircase to the Lair.
 15210 | D:11     | Found a staircase to the Orcish Mines.
 15452 | Lair:1   | Entered Level 1 of the Lair of Beasts
 15669 | Lair:1   | Learned a level 3 spell: Dazzling Spray
 15787 | Lair:1   | Reached XP level 12. HP: 96/96 MP: 22/22
 15949 | Lair:1   | Reached **** piety under Sif Muna
 16734 | Lair:2   | Found a staircase to the Snake Pit.
 16761 | Lair:2   | Noticed a six-headed hydra
 17108 | Lair:2   | Found a sacrificial altar of Ru.
 17375 | Lair:2   | Killed a six-headed hydra
 17434 | Lair:2   | Found a staircase to the Shoals.
 17476 | Lair:2   | Noticed a four-headed hydra
 17494 | Lair:2   | Killed a four-headed hydra
 17507 | Lair:2   | Noticed Fannar
 17535 | Lair:2   | Killed Fannar
 17591 | Lair:2   | Reached skill level 10 in Fighting
 17591 | Lair:2   | Reached skill level 10 in Armour
 17591 | Lair:2   | Reached skill level 10 in Shields
 18037 | Lair:3   | Got a pair of scorched boots
 18043 | Lair:3   | Identified the cursed +0 pair of boots of Inquiry {MR+
                  | Str+5} (You found it on level 3 of the Lair of Beasts)
 18166 | Lair:3   | Reached XP level 13. HP: 98/103 MP: 24/24
 18191 | Lair:3   | Reached ***** piety under Sif Muna
 18314 | Lair:3   | Found a shattered altar of Ashenzari.
 18490 | Lair:3   | Identified Sif Muna's Almanac of Shifting Calling (Sif Muna
                  | gifted it to you on level 3 of the Lair of Beasts)
 18490 | Lair:3   | Received a gift from Sif Muna
 20545 | Lair:6   | Entered Level 6 of the Lair of Beasts
 20896 | Lair:6   | Found a staircase to the Slime Pits.
 21367 | Lair:6   | Reached XP level 14. HP: 111/111 MP: 26/26
 21667 | Lair:5   | Received a gift from Sif Muna
 21674 | Lair:5   | Learned a level 4 spell: Sticky Flame
 21808 | Lair:6   | Reached skill level 10 in Polearms
 22320 | Lair:6   | Learned a level 5 spell: Summon Mana Viper
 22478 | Orc:1    | Entered Level 1 of the Orcish Mines
 22478 | Orc:1    | Found Joihonul's Weapon Shop.
 22480 | Orc:1    | Noticed an orc warlord
 22612 | D:11     | Killed an orc warlord
 22687 | D:11     | Learned a level 5 spell: Fireball
 22795 | Orc:1    | Noticed a stone giant
 22827 | D:11     | Killed a stone giant
 23152 | Orc:1    | Found a roughly hewn altar of Beogh.
 23304 | Orc:2    | Entered Level 2 of the Orcish Mines
 23803 | Orc:2    | Found Weef's Food Shop.
 23810 | Orc:2    | Paralysed by an orc sorcerer for 5 turns
 23871 | Orc:1    | Reached skill level 10 in Invocations
 23949 | Orc:2    | Found a staircase to the Elven Halls.
 24816 | Orc:2    | Identified Xamatuum's Compendium of Transmigration and the
                  | Blaze (Sif Muna gifted it to you on level 2 of the Orcish
                  | Mines)
 24816 | Orc:2    | Received a gift from Sif Muna
 24896 | Orc:2    | Reached XP level 15. HP: 93/119 MP: 28/28
 25009 | Orc:2    | Found Vorogusk's Antique Weapon Boutique.
 25011 | Orc:2    | Found Unibodgh's Gadget Shoppe.
 25019 | Orc:2    | Found Qaubataj's Antique Armour Shop.
 25202 | Snake:1  | Entered Level 1 of the Snake Pit
 25671 | Snake:1  | Identified the Handbook of Enchantment
 25700 | Snake:1  | Found a glowing silver altar of Zin.
 25733 | Snake:1  | Found Bein's Food Emporium.
 25738 | Snake:1  | Found Qasuuk's General Store.
 26636 | Snake:2  | Noticed a nagaraja
 26816 | Snake:2  | Killed a nagaraja
 27449 | Snake:2  | Noticed a nagaraja
 27456 | Snake:2  | Killed a nagaraja
 27546 | Snake:2  | Noticed a nagaraja
 27565 | Snake:2  | Killed a nagaraja
 27668 | Snake:2  | Reached skill level 10 in Short Blades
 27668 | Snake:2  | Reached skill level 10 in Long Blades
 27668 | Snake:2  | Reached skill level 10 in Axes
 27668 | Snake:2  | Reached skill level 10 in Maces & Flails
 27668 | Snake:2  | Reached skill level 10 in Staves
 27668 | Snake:2  | Reached skill level 10 in Slings
 27668 | Snake:2  | Reached skill level 10 in Bows
 27668 | Snake:2  | Reached skill level 10 in Crossbows
 27668 | Snake:2  | Reached skill level 10 in Throwing
 27668 | Snake:2  | Reached skill level 10 in Dodging
 27668 | Snake:2  | Reached skill level 10 in Stealth
 27668 | Snake:2  | Reached skill level 10 in Unarmed Combat
 27668 | Snake:2  | Reached skill level 10 in Spellcasting
 27668 | Snake:2  | Reached skill level 10 in Evocations
 28705 | Snake:2  | Learned a level 5 spell: Summon Demon
 29108 | Snake:3  | Noticed a nagaraja
 29129 | Snake:3  | Killed a nagaraja
 29784 | Snake:3  | Reached XP level 16. HP: 92/127 MP: 21/30
 30079 | Snake:4  | Entered Level 4 of the Snake Pit
 30871 | Snake:4  | Noticed a nagaraja
 30920 | Snake:4  | Killed a nagaraja
 31793 | Snake:4  | Noticed a nagaraja
 32018 | Snake:4  | Killed a nagaraja
 32161 | Snake:3  | Identified Sif Muna's Guide on the Traveller and Evil (Sif
                  | Muna gifted it to you on level 3 of the Snake Pit)
 32161 | Snake:3  | Received a gift from Sif Muna
 32515 | Snake:4  | Noticed a nagaraja
 32528 | Snake:4  | Killed a nagaraja
 32562 | Snake:4  | Noticed a nagaraja
 32789 | Snake:4  | Killed a nagaraja
 33149 | Snake:4  | Noticed a nagaraja
 33225 | Snake:4  | Killed a nagaraja
 33532 | Snake:4  | Noticed a nagaraja
 33548 | Snake:4  | Killed a nagaraja
 33591 | Snake:4  | Noticed a nagaraja
 33597 | Snake:4  | Noticed a nagaraja
 33744 | Snake:4  | Killed a nagaraja
 33751 | Snake:4  | Killed a nagaraja
 34386 | Snake:4  | Got a serpentine rune of Zot
 36226 | D:13     | Reached XP level 17. HP: 134/135 MP: 32/32
 36307 | D:13     | Identified Sif Muna's Almanac of Sinister Secrets and
                  | Summoning (Sif Muna gifted it to you on level 13 of the
                  | Dungeon)
 36307 | D:13     | Received a gift from Sif Muna
 38915 | D:14     | Found a gate to the Vaults.
 39076 | D:15     | Entered Level 15 of the Dungeon
 39502 | D:13     | Learned a level 5 spell: Borgnjor's Vile Clutch
 39510 | D:13     | Learned a level 6 spell: Shadow Creatures
 39518 | D:13     | Learned a level 4 spell: Summon Lightning Spire
 40012 | D:15     | Found a sacrificial altar of Ru.
 40380 | D:15     | Learned a level 6 spell: Statue Form
 40414 | D:15     | Found a staircase to the Depths.
 41144 | Shoals:1 | Entered Level 1 of the Shoals
 41472 | Shoals:1 | Reached skill level 10 in Conjurations
 41472 | Shoals:1 | Reached skill level 10 in Hexes
 41472 | Shoals:1 | Reached skill level 10 in Charms
 41472 | Shoals:1 | Reached skill level 10 in Summonings
 41472 | Shoals:1 | Reached skill level 10 in Necromancy
 41472 | Shoals:1 | Reached skill level 10 in Translocations
 41472 | Shoals:1 | Reached skill level 10 in Transmutations
 41472 | Shoals:1 | Reached skill level 10 in Fire Magic
 41472 | Shoals:1 | Reached skill level 10 in Ice Magic
 41472 | Shoals:1 | Reached skill level 10 in Air Magic
 41472 | Shoals:1 | Reached skill level 10 in Earth Magic
 41472 | Shoals:1 | Reached skill level 10 in Poison Magic
 41930 | Shoals:1 | Found Xiter's Island Escapes.
 42248 | Shoals:2 | Reached XP level 18. HP: 122/143 MP: 33/33
 42589 | Shoals:2 | Identified Sif Muna's Handbook of Stolen Souls and
                  | Conjuration (Sif Muna gifted it to you on level 2 of the
                  | Shoals)
 42589 | Shoals:2 | Received a gift from Sif Muna
 45375 | Shoals:4 | Entered Level 4 of the Shoals
 45375 | Shoals:4 | Noticed Roxanne
 45599 | Shoals:3 | Found a large runed door.
 45599 | Shoals:3 | Found a large runed door.
 45600 | Shoals:3 | Noticed HoaS's ghost (adept GrBe)
 45918 | Shoals:4 | Noticed Louise
 46085 | Shoals:4 | Killed Louise
 46102 | Shoals:4 | HP: 7/144 [merfolk impaler/trident of distortion (23)]
 48069 | Shoals:3 | Learned a level 1 spell: Apportation
 48070 | Shoals:4 | Noticed Kirke
 48072 | Shoals:4 | Got a smoking pewter ring
 48075 | Shoals:3 | Identified the ring "Ylacel" {*Slow MR+ Str+5 Dex+8 Stlth+}
                  | (You found it on level 4 of the Shoals)
 48149 | Shoals:3 | Killed Kirke
 48149 | Shoals:3 | Received a gift from Sif Muna
 48302 | Shoals:4 | HP: 2/144 [merfolk javelineer/javelin (15)]
 48310 | Shoals:4 | Shot with an arrow by a satyr

Skill      XL: |  1  2  3  4  5  6  7  8  9 10 11 12 13 14 15 16 17 18 |
---------------+-------------------------------------------------------+-----
Invocations    | 1 2 3 4 5 6 7 8 9 10 11 12 13 | 13.2
Short Blades   | 1 2 3 4 5 6 7 8 9 10 11 12 | 12.2
Long Blades    | 1 2 3 4 5 6 7 8 9 10 11 12 | 12.2
Axes           | 1 2 3 4 5 6 7 8 9 10 11 12 | 12.2
Maces & Flails | 1 2 3 4 5 6 7 8 9 10 11 12 | 12.2
Staves         | 1 2 3 4 5 6 7 8 9 10 11 12 | 12.2
Slings         | 1 2 3 4 5 6 7 8 9 10 11 12 | 12.2
Bows           | 1 2 3 4 5 6 7 8 9 10 11 12 | 12.2
Crossbows      | 1 2 3 4 5 6 7 8 9 10 11 12 | 12.2
Throwing       | 1 2 3 4 5 6 7 8 9 10 11 12 | 12.2
Dodging        | 1 2 3 4 5 6 7 8 9 10 11 12 | 12.2
Stealth        | 1 2 3 4 5 6 7 8 9 10 11 12 | 12.2
Unarmed Combat | 1 2 3 4 5 6 7 8 9 10 11 12 | 12.2
Spellcasting   | 1 2 3 4 5 6 7 8 9 10 11 12 | 12.2
Evocations     | 1 2 3 4 5 6 7 8 9 10 11 12 | 12.2
Conjurations   | 1 2 3 4 5 6 7 8 9 10 | 10.5
Hexes          | 1 2 3 4 5 6 7 8 9 10 | 10.5
Charms         | 1 2 3 4 5 6 7 8 9 10 | 10.5
Summonings     | 1 2 3 4 5 6 7 8 9 10 | 10.5
Necromancy     | 1 2 3 4 5 6 7 8 9 10 | 10.5
Translocations | 1 2 3 4 5 6 7 8 9 10 | 10.5
Transmutations | 1 2 3 4 5 6 7 8 9 10 | 10.5
Fire Magic     | 1 2 3 4 5 6 7 8 9 10 | 10.5
Ice Magic      | 1 2 3 4 5 6 7 8 9 10 | 10.5
Air Magic      | 1 2 3 4 5 6 7 8 9 10 | 10.5
Earth Magic    | 1 2 3 4 5 6 7 8 9 10 | 10.5
Poison Magic   | 1 2 3 4 5 6 7 8 9 10 | 10.5
Polearms       | 5 6 7 8 9 10 11 12 13 | 13.0
Fighting       | 7 8 9 10 11 12 13 | 13.6
Armour         | 7 8 9 10 11 12 13 | 13.6
Shields        | 7 8 9 10 11 12 13 | 13.6

Action                   |  1- 3 |  4- 6 |  7- 9 | 10-12 | 13-15 | 16-18 || total
-------------------------+-------+-------+-------+-------+-------+-------++-------
Melee: Trident           |    86 |   148 |   425 |   300 |       |     2 ||   961
       Bite              |     6 |    10 |    52 |    68 |   226 |   432 ||   794
       Kick              |       |       |       |   114 |       |    42 ||   156
       Morningstar       |       |       |       |     9 |   135 |   359 ||   503
       Flail             |       |       |       |   223 |   997 |  1939 ||  3159
       Staff             |       |       |       |       |       |    18 ||    18
 Fire: Hunting sling     |       |       |       |   314 |   483 |   388 ||  1185
       Blowgun           |       |       |       |    13 |       |       ||    13
Throw: Throwing net      |       |       |       |     1 |       |       ||     1
 Cast: Mephitic Cloud    |       |       |       |     6 |       |       ||     6
       Blink             |       |       |       |    28 |    23 |    16 ||    67
       Fireball          |       |       |       |       |    11 |     1 ||    12
       Summon Mana Viper |       |       |       |       |    29 |    38 ||    67
       Summon Demon      |       |       |       |       |    10 |    48 ||    58
       Sticky Flame      |       |       |       |       |       |     3 ||     3
       Borgnjor's Vile C |       |       |       |       |       |    50 ||    50
       Statue Form       |       |       |       |       |       |    13 ||    13
       Summon Lightning  |       |       |       |       |       |     4 ||     4
       Shadow Creatures  |       |       |       |       |       |     3 ||     3
       Apportation       |       |       |       |       |       |     1 ||     1
Invok: Channel Magic     |       |       |       |       |     2 |     1 ||     3
       Forget Spell      |       |       |       |       |       |     1 ||     1
Evoke: Wand              |       |       |       |     1 |       |       ||     1
  Use: Scroll            |     1 |     6 |     3 |    13 |     4 |    10 ||    37
       Potion            |     1 |       |     1 |     8 |       |     9 ||    19
 Stab: Invisible         |     1 |       |       |       |       |       ||     1
       Sleeping          |       |       |       |     1 |     5 |     9 ||    15
       Confused          |       |       |       |     2 |       |       ||     2
       Distracted        |       |       |       |     1 |     9 |    10 ||    20
  Eat: Chunk             |       |     6 |    14 |     8 |    17 |    40 ||    85
       Ration            |       |       |       |     9 |    10 |    18 ||    37
Armor: Scale mail        |    24 |    36 |    28 |    42 |       |       ||   130
       Chain mail        |       |       |   139 |    48 |       |       ||   187
       Ring mail         |       |       |       |    26 |       |       ||    26
       Troll leather arm |       |       |       |    56 |   327 |   557 ||   940
       Skin              |       |       |       |       |       |   104 ||   104
Dodge: Dodged            |     8 |    21 |   100 |   347 |   865 |  1962 ||  3303
Block: Shield            |    28 |    58 |   221 |   374 |  1064 |  2055 ||  3800
